%YAML 1.1
%TAG !u! tag:unity3d.com,2011:
--- !u!1 &598519400396834493
GameObject:
  m_ObjectHideFlags: 0
  m_CorrespondingSourceObject: {fileID: 0}
  m_PrefabInstance: {fileID: 0}
  m_PrefabAsset: {fileID: 0}
  serializedVersion: 6
  m_Component:
  - component: {fileID: 5985407078163044134}
  - component: {fileID: 8088869318591262674}
  - component: {fileID: 3598626456347160525}
  - component: {fileID: 7107018994758961446}
  - component: {fileID: 3770735227295468982}
  m_Layer: 0
  m_Name: pr_column_big
  m_TagString: Untagged
  m_Icon: {fileID: 0}
  m_NavMeshLayer: 0
  m_StaticEditorFlags: 0
  m_IsActive: 1
--- !u!4 &5985407078163044134
Transform:
  m_ObjectHideFlags: 0
  m_CorrespondingSourceObject: {fileID: 0}
  m_PrefabInstance: {fileID: 0}
  m_PrefabAsset: {fileID: 0}
  m_GameObject: {fileID: 598519400396834493}
  m_LocalRotation: {x: 0, y: 0, z: 0, w: 1}
  m_LocalPosition: {x: 27.89, y: 0, z: 5.33}
  m_LocalScale: {x: 1, y: 1, z: 1}
  m_Children: []
  m_Father: {fileID: 0}
  m_RootOrder: 0
  m_LocalEulerAnglesHint: {x: 0, y: 0, z: 0}
--- !u!114 &8088869318591262674
MonoBehaviour:
  m_ObjectHideFlags: 0
  m_CorrespondingSourceObject: {fileID: 0}
  m_PrefabInstance: {fileID: 0}
  m_PrefabAsset: {fileID: 0}
  m_GameObject: {fileID: 598519400396834493}
  m_Enabled: 1
  m_EditorHideFlags: 0
  m_Script: {fileID: 11500000, guid: 8233d90336aea43098adf6dbabd606a2, type: 3}
  m_Name: 
  m_EditorClassIdentifier: 
  m_MeshFormatVersion: 1
  m_Faces:
  - m_Indexes: 000000000100000002000000010000000300000002000000
    m_SmoothingGroup: 1
    m_Uv:
      m_UseWorldSpace: 0
      m_FlipU: 0
      m_FlipV: 0
      m_SwapUV: 0
      m_Fill: 1
      m_Scale: {x: 0.24999999, y: 0.25}
      m_Offset: {x: 2.474874, y: -0}
      m_Rotation: 0
      m_Anchor: 9
    m_Material: {fileID: 0}
    m_SubmeshIndex: 0
    m_ManualUV: 0
    elementGroup: 21
    m_TextureGroup: -1
  - m_Indexes: 040000000500000006000000050000000700000006000000
    m_SmoothingGroup: 1
    m_Uv:
      m_UseWorldSpace: 0
      m_FlipU: 0
      m_FlipV: 0
      m_SwapUV: 0
      m_Fill: 1
      m_Scale: {x: 0.25000003, y: 0.25}
      m_Offset: {x: 3.590948, y: -0}
      m_Rotation: 0
      m_Anchor: 9
    m_Material: {fileID: 0}
    m_SubmeshIndex: 0
    m_ManualUV: 0
    elementGroup: 21
    m_TextureGroup: -1
  - m_Indexes: 08000000090000000a000000090000000b0000000a000000
    m_SmoothingGroup: 1
    m_Uv:
      m_UseWorldSpace: 0
      m_FlipU: 0
      m_FlipV: 0
      m_SwapUV: 0
      m_Fill: 1
      m_Scale: {x: 0.25, y: 0.25}
      m_Offset: {x: 4.0438814, y: -0}
      m_Rotation: 0
      m_Anchor: 9
    m_Material: {fileID: 0}
    m_SubmeshIndex: 0
    m_ManualUV: 0
    elementGroup: 21
    m_TextureGroup: -1
  - m_Indexes: 0c0000000d0000000e0000000d0000000f0000000e000000
    m_SmoothingGroup: 1
    m_Uv:
      m_UseWorldSpace: 0
      m_FlipU: 0
      m_FlipV: 0
      m_SwapUV: 0
      m_Fill: 1
      m_Scale: {x: 0.25, y: 0.25}
      m_Offset: {x: 3.5909476, y: -0}
      m_Rotation: 0
      m_Anchor: 9
    m_Material: {fileID: 0}
    m_SubmeshIndex: 0
    m_ManualUV: 0
    elementGroup: 21
    m_TextureGroup: -1
  - m_Indexes: 100000001100000012000000110000001300000012000000
    m_SmoothingGroup: 1
    m_Uv:
      m_UseWorldSpace: 0
      m_FlipU: 0
      m_FlipV: 0
      m_SwapUV: 0
      m_Fill: 1
      m_Scale: {x: 0.25, y: 0.25}
      m_Offset: {x: 2.2321486, y: -0}
      m_Rotation: 0
      m_Anchor: 9
    m_Material: {fileID: 0}
    m_SubmeshIndex: 0
    m_ManualUV: 0
    elementGroup: 21
    m_TextureGroup: -1
  - m_Indexes: 140000001500000016000000150000001700000016000000
    m_SmoothingGroup: 1
    m_Uv:
      m_UseWorldSpace: 0
      m_FlipU: 0
      m_FlipV: 0
      m_SwapUV: 0
      m_Fill: 1
      m_Scale: {x: 0.24999999, y: 0.25}
      m_Offset: {x: 0.21020722, y: -0}
      m_Rotation: 0
      m_Anchor: 9
    m_Material: {fileID: 0}
    m_SubmeshIndex: 0
    m_ManualUV: 0
    elementGroup: 21
    m_TextureGroup: -1
  - m_Indexes: 18000000190000001a000000190000001b0000001a000000
    m_SmoothingGroup: 1
    m_Uv:
      m_UseWorldSpace: 0
      m_FlipU: 0
      m_FlipV: 0
      m_SwapUV: 0
      m_Fill: 1
      m_Scale: {x: 0.25000003, y: 0.25}
      m_Offset: {x: -2.05446, y: -0}
      m_Rotation: 0
      m_Anchor: 9
    m_Material: {fileID: 0}
    m_SubmeshIndex: 0
    m_ManualUV: 0
    elementGroup: 21
    m_TextureGroup: -1
  - m_Indexes: 1c0000001d0000001e0000001d0000001f0000001e000000
    m_SmoothingGroup: 1
    m_Uv:
      m_UseWorldSpace: 0
      m_FlipU: 0
      m_FlipV: 0
      m_SwapUV: 0
      m_Fill: 1
      m_Scale: {x: 0.24999999, y: 0.25}
      m_Offset: {x: -4.0763993, y: -0}
      m_Rotation: 0
      m_Anchor: 9
    m_Material: {fileID: 0}
    m_SubmeshIndex: 0
    m_ManualUV: 0
    elementGroup: 21
    m_TextureGroup: -1
  - m_Indexes: 200000002100000022000000210000002300000022000000
    m_SmoothingGroup: 1
    m_Uv:
      m_UseWorldSpace: 0
      m_FlipU: 0
      m_FlipV: 0
      m_SwapUV: 0
      m_Fill: 1
      m_Scale: {x: 0.25000006, y: 0.25}
      m_Offset: {x: -5.4351997, y: -0}
      m_Rotation: 0
      m_Anchor: 9
    m_Material: {fileID: 0}
    m_SubmeshIndex: 0
    m_ManualUV: 0
    elementGroup: 21
    m_TextureGroup: -1
  - m_Indexes: 240000002500000026000000250000002700000026000000
    m_SmoothingGroup: 1
    m_Uv:
      m_UseWorldSpace: 0
      m_FlipU: 0
      m_FlipV: 0
      m_SwapUV: 0
      m_Fill: 1
      m_Scale: {x: 0.25, y: 0.25}
      m_Offset: {x: -5.888133, y: -0}
      m_Rotation: 0
      m_Anchor: 9
    m_Material: {fileID: 0}
    m_SubmeshIndex: 0
    m_ManualUV: 0
    elementGroup: 21
    m_TextureGroup: -1
  - m_Indexes: 28000000290000002a000000290000002b0000002a000000
    m_SmoothingGroup: 1
    m_Uv:
      m_UseWorldSpace: 0
      m_FlipU: 0
      m_FlipV: 0
      m_SwapUV: 0
      m_Fill: 1
      m_Scale: {x: 0.25, y: 0.25}
      m_Offset: {x: 0, y: 0}
      m_Rotation: 0
      m_Anchor: 9
    m_Material: {fileID: 0}
    m_SubmeshIndex: 0
    m_ManualUV: 0
    elementGroup: 21
    m_TextureGroup: -1
  - m_Indexes: 2c0000002d0000002e0000002d0000002f0000002e000000
    m_SmoothingGroup: 1
    m_Uv:
      m_UseWorldSpace: 0
      m_FlipU: 0
      m_FlipV: 0
      m_SwapUV: 0
      m_Fill: 1
      m_Scale: {x: 0.25000003, y: 0.25}
      m_Offset: {x: 1.1160737, y: -0}
      m_Rotation: 0
      m_Anchor: 9
    m_Material: {fileID: 0}
    m_SubmeshIndex: 0
    m_ManualUV: 0
    elementGroup: 21
    m_TextureGroup: -1
  - m_Indexes: 320000003100000030000000
    m_SmoothingGroup: 0
    m_Uv:
      m_UseWorldSpace: 0
      m_FlipU: 0
      m_FlipV: 0
      m_SwapUV: 0
      m_Fill: 1
      m_Scale: {x: 0.25, y: 0.25}
      m_Offset: {x: 0, y: 0}
      m_Rotation: 0
      m_Anchor: 9
    m_Material: {fileID: 2100000, guid: c22777d6e868e4f2fb421913386b154e, type: 2}
    m_SubmeshIndex: 0
    m_ManualUV: 0
    elementGroup: -1
    m_TextureGroup: -1
  - m_Indexes: 380000003700000036000000
    m_SmoothingGroup: 0
    m_Uv:
      m_UseWorldSpace: 0
      m_FlipU: 0
      m_FlipV: 0
      m_SwapUV: 0
      m_Fill: 1
      m_Scale: {x: 0.25, y: 0.25}
      m_Offset: {x: 0, y: 0}
      m_Rotation: 0
      m_Anchor: 9
    m_Material: {fileID: 2100000, guid: c22777d6e868e4f2fb421913386b154e, type: 2}
    m_SubmeshIndex: 0
    m_ManualUV: 0
    elementGroup: -1
    m_TextureGroup: -1
  - m_Indexes: 3e0000003d0000003c000000
    m_SmoothingGroup: 0
    m_Uv:
      m_UseWorldSpace: 0
      m_FlipU: 0
      m_FlipV: 0
      m_SwapUV: 0
      m_Fill: 1
      m_Scale: {x: 0.25, y: 0.25}
      m_Offset: {x: 0, y: 0}
      m_Rotation: 0
      m_Anchor: 9
    m_Material: {fileID: 2100000, guid: c22777d6e868e4f2fb421913386b154e, type: 2}
    m_SubmeshIndex: 0
    m_ManualUV: 0
    elementGroup: -1
    m_TextureGroup: -1
  - m_Indexes: 440000004300000042000000
    m_SmoothingGroup: 0
    m_Uv:
      m_UseWorldSpace: 0
      m_FlipU: 0
      m_FlipV: 0
      m_SwapUV: 0
      m_Fill: 1
      m_Scale: {x: 0.25, y: 0.25}
      m_Offset: {x: 0, y: 0}
      m_Rotation: 0
      m_Anchor: 9
    m_Material: {fileID: 2100000, guid: c22777d6e868e4f2fb421913386b154e, type: 2}
    m_SubmeshIndex: 0
    m_ManualUV: 0
    elementGroup: -1
    m_TextureGroup: -1
  - m_Indexes: 4a0000004900000048000000
    m_SmoothingGroup: 0
    m_Uv:
      m_UseWorldSpace: 0
      m_FlipU: 0
      m_FlipV: 0
      m_SwapUV: 0
      m_Fill: 1
      m_Scale: {x: 0.25, y: 0.25}
      m_Offset: {x: 0, y: 0}
      m_Rotation: 0
      m_Anchor: 9
    m_Material: {fileID: 2100000, guid: c22777d6e868e4f2fb421913386b154e, type: 2}
    m_SubmeshIndex: 0
    m_ManualUV: 0
    elementGroup: -1
    m_TextureGroup: -1
  - m_Indexes: 500000004f0000004e000000
    m_SmoothingGroup: 0
    m_Uv:
      m_UseWorldSpace: 0
      m_FlipU: 0
      m_FlipV: 0
      m_SwapUV: 0
      m_Fill: 1
      m_Scale: {x: 0.25, y: 0.25}
      m_Offset: {x: 0, y: 0}
      m_Rotation: 0
      m_Anchor: 9
    m_Material: {fileID: 2100000, guid: c22777d6e868e4f2fb421913386b154e, type: 2}
    m_SubmeshIndex: 0
    m_ManualUV: 0
    elementGroup: -1
    m_TextureGroup: -1
  - m_Indexes: 560000005500000054000000
    m_SmoothingGroup: 0
    m_Uv:
      m_UseWorldSpace: 0
      m_FlipU: 0
      m_FlipV: 0
      m_SwapUV: 0
      m_Fill: 1
      m_Scale: {x: 0.25, y: 0.25}
      m_Offset: {x: 0, y: 0}
      m_Rotation: 0
      m_Anchor: 9
    m_Material: {fileID: 2100000, guid: c22777d6e868e4f2fb421913386b154e, type: 2}
    m_SubmeshIndex: 0
    m_ManualUV: 0
    elementGroup: -1
    m_TextureGroup: -1
  - m_Indexes: 5c0000005b0000005a000000
    m_SmoothingGroup: 0
    m_Uv:
      m_UseWorldSpace: 0
      m_FlipU: 0
      m_FlipV: 0
      m_SwapUV: 0
      m_Fill: 1
      m_Scale: {x: 0.25, y: 0.25}
      m_Offset: {x: 0, y: 0}
      m_Rotation: 0
      m_Anchor: 9
    m_Material: {fileID: 2100000, guid: c22777d6e868e4f2fb421913386b154e, type: 2}
    m_SubmeshIndex: 0
    m_ManualUV: 0
    elementGroup: -1
    m_TextureGroup: -1
  - m_Indexes: 620000006100000060000000
    m_SmoothingGroup: 0
    m_Uv:
      m_UseWorldSpace: 0
      m_FlipU: 0
      m_FlipV: 0
      m_SwapUV: 0
      m_Fill: 1
      m_Scale: {x: 0.25, y: 0.25}
      m_Offset: {x: 0, y: 0}
      m_Rotation: 0
      m_Anchor: 9
    m_Material: {fileID: 2100000, guid: c22777d6e868e4f2fb421913386b154e, type: 2}
    m_SubmeshIndex: 0
    m_ManualUV: 0
    elementGroup: -1
    m_TextureGroup: -1
  - m_Indexes: 680000006700000066000000
    m_SmoothingGroup: 0
    m_Uv:
      m_UseWorldSpace: 0
      m_FlipU: 0
      m_FlipV: 0
      m_SwapUV: 0
      m_Fill: 1
      m_Scale: {x: 0.25, y: 0.25}
      m_Offset: {x: 0, y: 0}
      m_Rotation: 0
      m_Anchor: 9
    m_Material: {fileID: 2100000, guid: c22777d6e868e4f2fb421913386b154e, type: 2}
    m_SubmeshIndex: 0
    m_ManualUV: 0
    elementGroup: -1
    m_TextureGroup: -1
  - m_Indexes: 6e0000006d0000006c000000
    m_SmoothingGroup: 0
    m_Uv:
      m_UseWorldSpace: 0
      m_FlipU: 0
      m_FlipV: 0
      m_SwapUV: 0
      m_Fill: 1
      m_Scale: {x: 0.25, y: 0.25}
      m_Offset: {x: 0, y: 0}
      m_Rotation: 0
      m_Anchor: 9
    m_Material: {fileID: 2100000, guid: c22777d6e868e4f2fb421913386b154e, type: 2}
    m_SubmeshIndex: 0
    m_ManualUV: 0
    elementGroup: -1
    m_TextureGroup: -1
  - m_Indexes: 740000007300000072000000
    m_SmoothingGroup: 0
    m_Uv:
      m_UseWorldSpace: 0
      m_FlipU: 0
      m_FlipV: 0
      m_SwapUV: 0
      m_Fill: 1
      m_Scale: {x: 0.25, y: 0.25}
      m_Offset: {x: 0, y: 0}
      m_Rotation: 0
      m_Anchor: 9
    m_Material: {fileID: 2100000, guid: c22777d6e868e4f2fb421913386b154e, type: 2}
    m_SubmeshIndex: 0
    m_ManualUV: 0
    elementGroup: -1
    m_TextureGroup: -1
  - m_Indexes: 330000003400000035000000
    m_SmoothingGroup: 0
    m_Uv:
      m_UseWorldSpace: 0
      m_FlipU: 0
      m_FlipV: 0
      m_SwapUV: 0
      m_Fill: 1
      m_Scale: {x: 0.25, y: 0.25}
      m_Offset: {x: 0, y: 0}
      m_Rotation: 0
      m_Anchor: 9
    m_Material: {fileID: 2100000, guid: c22777d6e868e4f2fb421913386b154e, type: 2}
    m_SubmeshIndex: 0
    m_ManualUV: 0
    elementGroup: -1
    m_TextureGroup: -1
  - m_Indexes: 390000003a0000003b000000
    m_SmoothingGroup: 0
    m_Uv:
      m_UseWorldSpace: 0
      m_FlipU: 0
      m_FlipV: 0
      m_SwapUV: 0
      m_Fill: 1
      m_Scale: {x: 0.25, y: 0.25}
      m_Offset: {x: 0, y: 0}
      m_Rotation: 0
      m_Anchor: 9
    m_Material: {fileID: 2100000, guid: c22777d6e868e4f2fb421913386b154e, type: 2}
    m_SubmeshIndex: 0
    m_ManualUV: 0
    elementGroup: -1
    m_TextureGroup: -1
  - m_Indexes: 3f0000004000000041000000
    m_SmoothingGroup: 0
    m_Uv:
      m_UseWorldSpace: 0
      m_FlipU: 0
      m_FlipV: 0
      m_SwapUV: 0
      m_Fill: 1
      m_Scale: {x: 0.25, y: 0.25}
      m_Offset: {x: 0, y: 0}
      m_Rotation: 0
      m_Anchor: 9
    m_Material: {fileID: 2100000, guid: c22777d6e868e4f2fb421913386b154e, type: 2}
    m_SubmeshIndex: 0
    m_ManualUV: 0
    elementGroup: -1
    m_TextureGroup: -1
  - m_Indexes: 450000004600000047000000
    m_SmoothingGroup: 0
    m_Uv:
      m_UseWorldSpace: 0
      m_FlipU: 0
      m_FlipV: 0
      m_SwapUV: 0
      m_Fill: 1
      m_Scale: {x: 0.25, y: 0.25}
      m_Offset: {x: 0, y: 0}
      m_Rotation: 0
      m_Anchor: 9
    m_Material: {fileID: 2100000, guid: c22777d6e868e4f2fb421913386b154e, type: 2}
    m_SubmeshIndex: 0
    m_ManualUV: 0
    elementGroup: -1
    m_TextureGroup: -1
  - m_Indexes: 4b0000004c0000004d000000
    m_SmoothingGroup: 0
    m_Uv:
      m_UseWorldSpace: 0
      m_FlipU: 0
      m_FlipV: 0
      m_SwapUV: 0
      m_Fill: 1
      m_Scale: {x: 0.25, y: 0.25}
      m_Offset: {x: 0, y: 0}
      m_Rotation: 0
      m_Anchor: 9
    m_Material: {fileID: 2100000, guid: c22777d6e868e4f2fb421913386b154e, type: 2}
    m_SubmeshIndex: 0
    m_ManualUV: 0
    elementGroup: -1
    m_TextureGroup: -1
  - m_Indexes: 510000005200000053000000
    m_SmoothingGroup: 0
    m_Uv:
      m_UseWorldSpace: 0
      m_FlipU: 0
      m_FlipV: 0
      m_SwapUV: 0
      m_Fill: 1
      m_Scale: {x: 0.25, y: 0.25}
      m_Offset: {x: 0, y: 0}
      m_Rotation: 0
      m_Anchor: 9
    m_Material: {fileID: 2100000, guid: c22777d6e868e4f2fb421913386b154e, type: 2}
    m_SubmeshIndex: 0
    m_ManualUV: 0
    elementGroup: -1
    m_TextureGroup: -1
  - m_Indexes: 570000005800000059000000
    m_SmoothingGroup: 0
    m_Uv:
      m_UseWorldSpace: 0
      m_FlipU: 0
      m_FlipV: 0
      m_SwapUV: 0
      m_Fill: 1
      m_Scale: {x: 0.25, y: 0.25}
      m_Offset: {x: 0, y: 0}
      m_Rotation: 0
      m_Anchor: 9
    m_Material: {fileID: 2100000, guid: c22777d6e868e4f2fb421913386b154e, type: 2}
    m_SubmeshIndex: 0
    m_ManualUV: 0
    elementGroup: -1
    m_TextureGroup: -1
  - m_Indexes: 5d0000005e0000005f000000
    m_SmoothingGroup: 0
    m_Uv:
      m_UseWorldSpace: 0
      m_FlipU: 0
      m_FlipV: 0
      m_SwapUV: 0
      m_Fill: 1
      m_Scale: {x: 0.25, y: 0.25}
      m_Offset: {x: 0, y: 0}
      m_Rotation: 0
      m_Anchor: 9
    m_Material: {fileID: 2100000, guid: c22777d6e868e4f2fb421913386b154e, type: 2}
    m_SubmeshIndex: 0
    m_ManualUV: 0
    elementGroup: -1
    m_TextureGroup: -1
  - m_Indexes: 630000006400000065000000
    m_SmoothingGroup: 0
    m_Uv:
      m_UseWorldSpace: 0
      m_FlipU: 0
      m_FlipV: 0
      m_SwapUV: 0
      m_Fill: 1
      m_Scale: {x: 0.25, y: 0.25}
      m_Offset: {x: 0, y: 0}
      m_Rotation: 0
      m_Anchor: 9
    m_Material: {fileID: 2100000, guid: c22777d6e868e4f2fb421913386b154e, type: 2}
    m_SubmeshIndex: 0
    m_ManualUV: 0
    elementGroup: -1
    m_TextureGroup: -1
  - m_Indexes: 690000006a0000006b000000
    m_SmoothingGroup: 0
    m_Uv:
      m_UseWorldSpace: 0
      m_FlipU: 0
      m_FlipV: 0
      m_SwapUV: 0
      m_Fill: 1
      m_Scale: {x: 0.25, y: 0.25}
      m_Offset: {x: 0, y: 0}
      m_Rotation: 0
      m_Anchor: 9
    m_Material: {fileID: 2100000, guid: c22777d6e868e4f2fb421913386b154e, type: 2}
    m_SubmeshIndex: 0
    m_ManualUV: 0
    elementGroup: 23
    m_TextureGroup: -1
  - m_Indexes: 6f0000007000000071000000
    m_SmoothingGroup: 0
    m_Uv:
      m_UseWorldSpace: 0
      m_FlipU: 0
      m_FlipV: 0
      m_SwapUV: 0
      m_Fill: 1
      m_Scale: {x: 0.25000003, y: 0.24999999}
      m_Offset: {x: 0.48040855, y: 0.17584157}
      m_Rotation: 360
      m_Anchor: 9
    m_Material: {fileID: 2100000, guid: c22777d6e868e4f2fb421913386b154e, type: 2}
    m_SubmeshIndex: 0
    m_ManualUV: 0
    elementGroup: 23
    m_TextureGroup: -1
  - m_Indexes: 750000007600000077000000
    m_SmoothingGroup: 0
    m_Uv:
      m_UseWorldSpace: 0
      m_FlipU: 0
      m_FlipV: 0
      m_SwapUV: 0
      m_Fill: 1
      m_Scale: {x: 0.25, y: 0.25}
      m_Offset: {x: 0, y: 0}
      m_Rotation: 0
      m_Anchor: 9
    m_Material: {fileID: 2100000, guid: c22777d6e868e4f2fb421913386b154e, type: 2}
    m_SubmeshIndex: 0
    m_ManualUV: 0
    elementGroup: -1
    m_TextureGroup: -1
  m_SharedVertices:
  - m_Vertices: 000000002e0000003000000074000000
  - m_Vertices: 010000002f0000003300000077000000
  - m_Vertices: 02000000040000003200000036000000
  - m_Vertices: 03000000050000003500000039000000
  - m_Vertices: 0600000008000000380000003c000000
  - m_Vertices: 07000000090000003b0000003f000000
  - m_Vertices: 0a0000000c0000003e00000042000000
  - m_Vertices: 0b0000000d0000004100000045000000
  - m_Vertices: 0e000000100000004400000048000000
  - m_Vertices: 0f00000011000000470000004b000000
  - m_Vertices: 12000000140000004a0000004e000000
  - m_Vertices: 13000000150000004d00000051000000
  - m_Vertices: 16000000180000005000000054000000
  - m_Vertices: 17000000190000005300000057000000
  - m_Vertices: 1a0000001c000000560000005a000000
  - m_Vertices: 1b0000001d000000590000005d000000
  - m_Vertices: 1e000000200000005c00000060000000
  - m_Vertices: 1f000000210000005f00000063000000
  - m_Vertices: 22000000240000006200000066000000
  - m_Vertices: 23000000250000006500000069000000
  - m_Vertices: 2600000028000000680000006c000000
  - m_Vertices: 27000000290000006b0000006f000000
  - m_Vertices: 2a0000002c0000006e00000072000000
  - m_Vertices: 2b0000002d0000007100000075000000
  - m_Vertices: 31000000370000003d00000043000000490000004f000000550000005b00000061000000670000006d00000073000000
  - m_Vertices: 340000003a00000040000000460000004c00000052000000580000005e000000640000006a0000007000000076000000
  m_SharedTextures:
  - m_Vertices: 2b0000002d000000
  - m_Vertices: 2a0000002c000000
  - m_Vertices: 2300000025000000
  - m_Vertices: 2200000024000000
  - m_Vertices: 2f00000001000000
  - m_Vertices: 2e00000000000000
  - m_Vertices: 0300000005000000
  - m_Vertices: 0200000004000000
  - m_Vertices: 0700000009000000
  - m_Vertices: 0600000008000000
  - m_Vertices: 0b0000000d000000
  - m_Vertices: 0a0000000c000000
  - m_Vertices: 0f00000011000000
  - m_Vertices: 0e00000010000000
  - m_Vertices: 1300000015000000
  - m_Vertices: 1200000014000000
  - m_Vertices: 1700000019000000
  - m_Vertices: 1600000018000000
  - m_Vertices: 1b0000001d000000
  - m_Vertices: 1a0000001c000000
  - m_Vertices: 1f00000021000000
  - m_Vertices: 1e00000020000000
  - m_Vertices: 6a00000070000000
  - m_Vertices: 6b0000006f000000
  m_Positions:
  - {x: 0, y: 0, z: 0}
  - {x: 0, y: 14, z: 0}
  - {x: -0.46891117, y: 0, z: 1.75}
  - {x: -0.46891117, y: 14, z: 1.75}
  - {x: -0.46891117, y: 0, z: 1.75}
  - {x: -0.46891117, y: 14, z: 1.75}
  - {x: -1.7500001, y: 0, z: 3.031089}
  - {x: -1.7500001, y: 14, z: 3.031089}
  - {x: -1.7500001, y: 0, z: 3.031089}
  - {x: -1.7500001, y: 14, z: 3.031089}
  - {x: -3.5000002, y: 0, z: 3.5}
  - {x: -3.5000002, y: 14, z: 3.5}
  - {x: -3.5000002, y: 0, z: 3.5}
  - {x: -3.5000002, y: 14, z: 3.5}
  - {x: -5.25, y: 0, z: 3.0310888}
  - {x: -5.25, y: 14, z: 3.0310888}
  - {x: -5.25, y: 0, z: 3.0310888}
  - {x: -5.25, y: 14, z: 3.0310888}
  - {x: -6.531089, y: 0, z: 1.7500002}
  - {x: -6.531089, y: 14, z: 1.7500002}
  - {x: -6.531089, y: 0, z: 1.7500002}
  - {x: -6.531089, y: 14, z: 1.7500002}
  - {x: -7, y: 0, z: -0.0000003059797}
  - {x: -7, y: 14, z: -0.0000003059797}
  - {x: -7, y: 0, z: -0.0000003059797}
  - {x: -7, y: 14, z: -0.0000003059797}
  - {x: -6.531089, y: 0, z: -1.7499999}
  - {x: -6.531089, y: 14, z: -1.7499999}
  - {x: -6.531089, y: 0, z: -1.7499999}
  - {x: -6.531089, y: 14, z: -1.7499999}
  - {x: -5.2499995, y: 0, z: -3.031089}
  - {x: -5.2499995, y: 14, z: -3.031089}
  - {x: -5.2499995, y: 0, z: -3.031089}
  - {x: -5.2499995, y: 14, z: -3.031089}
  - {x: -3.5, y: 0, z: -3.5}
  - {x: -3.5, y: 14, z: -3.5}
  - {x: -3.5, y: 0, z: -3.5}
  - {x: -3.5, y: 14, z: -3.5}
  - {x: -1.7500004, y: 0, z: -3.031089}
  - {x: -1.7500004, y: 14, z: -3.031089}
  - {x: -1.7500004, y: 0, z: -3.031089}
  - {x: -1.7500004, y: 14, z: -3.031089}
  - {x: -0.4689114, y: 0, z: -1.7500006}
  - {x: -0.4689114, y: 14, z: -1.7500006}
  - {x: -0.4689114, y: 0, z: -1.7500006}
  - {x: -0.4689114, y: 14, z: -1.7500006}
  - {x: 0, y: 0, z: 0}
  - {x: 0, y: 14, z: 0}
  - {x: 0, y: 0, z: 0}
  - {x: -3.5, y: 0, z: 0}
  - {x: -0.46891117, y: 0, z: 1.75}
  - {x: 0, y: 14, z: 0}
  - {x: -3.5, y: 14, z: 0}
  - {x: -0.46891117, y: 14, z: 1.75}
  - {x: -0.46891117, y: 0, z: 1.75}
  - {x: -3.5, y: 0, z: 0}
  - {x: -1.7500001, y: 0, z: 3.031089}
  - {x: -0.46891117, y: 14, z: 1.75}
  - {x: -3.5, y: 14, z: 0}
  - {x: -1.7500001, y: 14, z: 3.031089}
  - {x: -1.7500001, y: 0, z: 3.031089}
  - {x: -3.5, y: 0, z: 0}
  - {x: -3.5000002, y: 0, z: 3.5}
  - {x: -1.7500001, y: 14, z: 3.031089}
  - {x: -3.5, y: 14, z: 0}
  - {x: -3.5000002, y: 14, z: 3.5}
  - {x: -3.5000002, y: 0, z: 3.5}
  - {x: -3.5, y: 0, z: 0}
  - {x: -5.25, y: 0, z: 3.0310888}
  - {x: -3.5000002, y: 14, z: 3.5}
  - {x: -3.5, y: 14, z: 0}
  - {x: -5.25, y: 14, z: 3.0310888}
  - {x: -5.25, y: 0, z: 3.0310888}
  - {x: -3.5, y: 0, z: 0}
  - {x: -6.531089, y: 0, z: 1.7500002}
  - {x: -5.25, y: 14, z: 3.0310888}
  - {x: -3.5, y: 14, z: 0}
  - {x: -6.531089, y: 14, z: 1.7500002}
  - {x: -6.531089, y: 0, z: 1.7500002}
  - {x: -3.5, y: 0, z: 0}
  - {x: -7, y: 0, z: -0.0000003059797}
  - {x: -6.531089, y: 14, z: 1.7500002}
  - {x: -3.5, y: 14, z: 0}
  - {x: -7, y: 14, z: -0.0000003059797}
  - {x: -7, y: 0, z: -0.0000003059797}
  - {x: -3.5, y: 0, z: 0}
  - {x: -6.531089, y: 0, z: -1.7499999}
  - {x: -7, y: 14, z: -0.0000003059797}
  - {x: -3.5, y: 14, z: 0}
  - {x: -6.531089, y: 14, z: -1.7499999}
  - {x: -6.531089, y: 0, z: -1.7499999}
  - {x: -3.5, y: 0, z: 0}
  - {x: -5.2499995, y: 0, z: -3.031089}
  - {x: -6.531089, y: 14, z: -1.7499999}
  - {x: -3.5, y: 14, z: 0}
  - {x: -5.2499995, y: 14, z: -3.031089}
  - {x: -5.2499995, y: 0, z: -3.031089}
  - {x: -3.5, y: 0, z: 0}
  - {x: -3.5, y: 0, z: -3.5}
  - {x: -5.2499995, y: 14, z: -3.031089}
  - {x: -3.5, y: 14, z: 0}
  - {x: -3.5, y: 14, z: -3.5}
  - {x: -3.5, y: 0, z: -3.5}
  - {x: -3.5, y: 0, z: 0}
  - {x: -1.7500004, y: 0, z: -3.031089}
  - {x: -3.5, y: 14, z: -3.5}
  - {x: -3.5, y: 14, z: 0}
  - {x: -1.7500004, y: 14, z: -3.031089}
  - {x: -1.7500004, y: 0, z: -3.031089}
  - {x: -3.5, y: 0, z: 0}
  - {x: -0.4689114, y: 0, z: -1.7500006}
  - {x: -1.7500004, y: 14, z: -3.031089}
  - {x: -3.5, y: 14, z: 0}
  - {x: -0.4689114, y: 14, z: -1.7500006}
  - {x: -0.4689114, y: 0, z: -1.7500006}
  - {x: -3.5, y: 0, z: 0}
  - {x: 0, y: 0, z: 0}
  - {x: -0.4689114, y: 14, z: -1.7500006}
  - {x: -3.5, y: 14, z: 0}
  - {x: 0, y: 14, z: 0}
  m_Textures0:
  - {x: -1.795474, y: 5.25}
  - {x: -1.795474, y: 8.75}
  - {x: -1.3425407, y: 5.25}
  - {x: -1.3425407, y: 8.75}
  - {x: -1.3425407, y: 5.25}
  - {x: -1.3425407, y: 8.75}
  - {x: -0.8896074, y: 5.25}
  - {x: -0.8896074, y: 8.75}
  - {x: -0.8896074, y: 5.25}
  - {x: -0.8896074, y: 8.75}
  - {x: -0.43667412, y: 5.25}
  - {x: -0.43667412, y: 8.75}
  - {x: -0.43667412, y: 5.25}
  - {x: -0.43667412, y: 8.75}
  - {x: 0.016259193, y: 5.25}
  - {x: 0.016259193, y: 8.75}
  - {x: 0.016259193, y: 5.25}
  - {x: 0.016259193, y: 8.75}
  - {x: 0.4691925, y: 5.25}
  - {x: 0.4691925, y: 8.75}
  - {x: 0.4691925, y: 5.25}
  - {x: 0.4691925, y: 8.75}
  - {x: 0.92212594, y: 5.25}
  - {x: 0.92212594, y: 8.75}
  - {x: 0.9221258, y: 5.25}
  - {x: 0.9221258, y: 8.75}
  - {x: 1.3750591, y: 5.25}
  - {x: 1.3750591, y: 8.75}
  - {x: 1.3750591, y: 5.25}
  - {x: 1.3750591, y: 8.75}
  - {x: 1.8279924, y: 5.25}
  - {x: 1.8279924, y: 8.75}
  - {x: 1.8279927, y: 5.25}
  - {x: 1.8279927, y: 8.75}
  - {x: 2.280926, y: 5.25}
  - {x: 2.280926, y: 8.75}
  - {x: 2.2809258, y: 5.25}
  - {x: 2.2809258, y: 8.75}
  - {x: 2.733859, y: 5.25}
  - {x: 2.733859, y: 8.75}
  - {x: -2.7013407, y: 5.25}
  - {x: -2.7013407, y: 8.75}
  - {x: -2.2484074, y: 5.25}
  - {x: -2.2484074, y: 8.75}
  - {x: -2.2484074, y: 5.25}
  - {x: -2.2484074, y: 8.75}
  - {x: -1.7954739, y: 5.25}
  - {x: -1.7954739, y: 8.75}
  - {x: 1.3125, y: 0.65625}
  - {x: 2.1875, y: 0.65625}
  - {x: 1.4297278, y: 1.09375}
  - {x: -1.3125, y: 0.65625}
  - {x: -2.1875, y: 0.65625}
  - {x: -1.4297278, y: 1.09375}
  - {x: 1.6055695, y: 1.5741584}
  - {x: 2.3633418, y: 1.1366584}
  - {x: 1.9258417, y: 1.8944306}
  - {x: -1.6055695, y: 1.5741584}
  - {x: -2.3633418, y: 1.1366584}
  - {x: -1.9258417, y: 1.8944306}
  - {x: 2.4062502, y: 2.0702722}
  - {x: 2.8437502, y: 1.3125}
  - {x: 2.8437502, y: 2.1875}
  - {x: -2.4062502, y: 2.0702722}
  - {x: -2.8437502, y: 1.3125}
  - {x: -2.8437502, y: 2.1875}
  - {x: 4.15625, y: 2.1875}
  - {x: 4.15625, y: 1.3125}
  - {x: 4.59375, y: 2.0702722}
  - {x: -4.15625, y: 2.1875}
  - {x: -4.15625, y: 1.3125}
  - {x: -4.59375, y: 2.0702722}
  - {x: 5.074158, y: 1.8944305}
  - {x: 4.636658, y: 1.1366583}
  - {x: 5.3944306, y: 1.5741584}
  - {x: -5.074158, y: 1.8944305}
  - {x: -4.636658, y: 1.1366583}
  - {x: -5.3944306, y: 1.5741584}
  - {x: 5.5702724, y: 1.09375}
  - {x: 4.8125, y: 0.65624994}
  - {x: 5.6875, y: 0.6562499}
  - {x: -5.5702724, y: 1.09375}
  - {x: -4.8125, y: 0.65624994}
  - {x: -5.6875, y: 0.6562499}
  - {x: 5.6875, y: -0.65625}
  - {x: 4.8125, y: -0.65624994}
  - {x: 5.5702724, y: -1.0937499}
  - {x: -5.6875, y: -0.65625}
  - {x: -4.8125, y: -0.65624994}
  - {x: -5.5702724, y: -1.0937499}
  - {x: 5.3944306, y: -1.5741584}
  - {x: 4.636658, y: -1.1366584}
  - {x: 5.074158, y: -1.8944306}
  - {x: -5.3944306, y: -1.5741584}
  - {x: -4.636658, y: -1.1366584}
  - {x: -5.074158, y: -1.8944306}
  - {x: 4.59375, y: -2.0702722}
  - {x: 4.15625, y: -1.3125}
  - {x: 4.15625, y: -2.1875}
  - {x: -4.59375, y: -2.0702722}
  - {x: -4.15625, y: -1.3125}
  - {x: -4.15625, y: -2.1875}
  - {x: 2.8437502, y: -2.1875}
  - {x: 2.8437502, y: -1.3125}
  - {x: 2.4062502, y: -2.0702722}
  - {x: -2.8437502, y: -2.1875}
  - {x: -2.8437502, y: -1.3125}
  - {x: -2.4062502, y: -2.0702722}
  - {x: 1.9258418, y: -1.8944306}
  - {x: 2.3633418, y: -1.1366584}
  - {x: 1.6055696, y: -1.5741585}
  - {x: -2.4062505, y: -2.0702722}
  - {x: -2.8437505, y: -1.3125}
  - {x: -2.085978, y: -1.7500002}
  - {x: 1.4297278, y: -1.0937504}
  - {x: 2.1875, y: -0.65625024}
  - {x: 1.3125, y: -0.65625024}
  - {x: -1.4297278, y: -1.0937504}
  - {x: -2.1875, y: -0.65625024}
  - {x: -1.3125, y: -0.65625024}
  m_Textures2: []
  m_Textures3: []
  m_Tangents:
  - {x: 0.000000030853634, y: 0, z: 1, w: -1}
  - {x: 0.000000030853634, y: 0, z: 1, w: -1}
  - {x: -0.50000006, y: 0, z: 0.86602545, w: -1}
  - {x: -0.50000006, y: 0, z: 0.86602545, w: -1}
  - {x: -0.49999994, y: 0, z: 0.86602545, w: -1}
  - {x: -0.49999994, y: 0, z: 0.86602545, w: -1}
  - {x: -0.8660254, y: 0, z: 0.5, w: -1}
  - {x: -0.8660254, y: 0, z: 0.5, w: -1}
  - {x: -0.86602545, y: 0, z: 0.49999997, w: -1}
  - {x: -0.86602545, y: 0, z: 0.49999997, w: -1}
  - {x: -1, y: 0, z: -0.000000092560896, w: -1}
  - {x: -1, y: 0, z: -0.000000092560896, w: -1}
  - {x: -1, y: 0, z: -0.00000009256092, w: -1}
  - {x: -1, y: 0, z: -0.00000009256092, w: -1}
  - {x: -0.86602545, y: 0, z: -0.49999997, w: -1}
  - {x: -0.86602545, y: 0, z: -0.49999997, w: -1}
  - {x: -0.8660254, y: 0, z: -0.49999997, w: -1}
  - {x: -0.8660254, y: 0, z: -0.49999997, w: -1}
  - {x: -0.50000006, y: 0, z: -0.8660254, w: -1}
  - {x: -0.50000006, y: 0, z: -0.8660254, w: -1}
  - {x: -0.50000006, y: 0, z: -0.8660254, w: -1}
  - {x: -0.50000006, y: 0, z: -0.8660254, w: -1}
  - {x: 0.000000092560896, y: 0, z: -1, w: -1}
  - {x: 0.000000092560896, y: 0, z: -1, w: -1}
  - {x: 0.000000092560924, y: 0, z: -1, w: -1}
  - {x: 0.000000092560924, y: 0, z: -1, w: -1}
  - {x: 0.50000006, y: 0, z: -0.8660253, w: -1}
  - {x: 0.50000006, y: 0, z: -0.8660253, w: -1}
  - {x: 0.50000006, y: 0, z: -0.8660253, w: -1}
  - {x: 0.50000006, y: 0, z: -0.8660253, w: -1}
  - {x: 0.8660254, y: 0, z: -0.49999994, w: -1}
  - {x: 0.8660254, y: 0, z: -0.49999994, w: -1}
  - {x: 0.8660254, y: 0, z: -0.5, w: -1}
  - {x: 0.8660254, y: 0, z: -0.5, w: -1}
  - {x: 1, y: 0, z: 0, w: -1}
  - {x: 1, y: 0, z: 0, w: -1}
  - {x: 1, y: 0, z: 0, w: -1}
  - {x: 1, y: 0, z: 0, w: -1}
  - {x: 0.86602545, y: 0, z: 0.4999999, w: -1}
  - {x: 0.86602545, y: 0, z: 0.4999999, w: -1}
  - {x: 0.8660255, y: 0, z: 0.4999999, w: -1}
  - {x: 0.8660255, y: 0, z: 0.4999999, w: -1}
  - {x: 0.5000001, y: 0, z: 0.86602527, w: -1}
  - {x: 0.5000001, y: 0, z: 0.86602527, w: -1}
  - {x: 0.5000001, y: 0, z: 0.8660253, w: -1}
  - {x: 0.5000001, y: 0, z: 0.8660253, w: -1}
  - {x: 0.000000030853634, y: 0, z: 1, w: -1}
  - {x: 0.000000030853634, y: 0, z: 1, w: -1}
  - {x: -1, y: 0, z: 0, w: -1}
  - {x: -1, y: 0, z: 0, w: -1}
  - {x: -1, y: 0, z: 0, w: -1}
  - {x: 1, y: 0, z: 0, w: -1}
  - {x: 1, y: 0, z: 0, w: -1}
  - {x: 1, y: 0, z: 0, w: -1}
  - {x: -1, y: 0, z: 0.0000000681196, w: -1}
  - {x: -1, y: 0, z: 0.0000000681196, w: -1}
  - {x: -1, y: 0, z: 0.0000000681196, w: -1}
  - {x: 1, y: 0, z: -0.0000000681196, w: -1}
  - {x: 1, y: 0, z: -0.0000000681196, w: -1}
  - {x: 1, y: 0, z: -0.0000000681196, w: -1}
  - {x: -1, y: 0, z: -0.00000013623918, w: -1}
  - {x: -1, y: 0, z: -0.00000013623918, w: -1}
  - {x: -1, y: 0, z: -0.00000013623918, w: -1}
  - {x: 1, y: 0, z: 0.00000013623918, w: -1}
  - {x: 1, y: 0, z: 0.00000013623918, w: -1}
  - {x: 1, y: 0, z: 0.00000013623918, w: -1}
  - {x: -1, y: 0, z: 0, w: -1}
  - {x: -1, y: 0, z: 0, w: -1}
  - {x: -1, y: 0, z: 0, w: -1}
  - {x: 1, y: 0, z: 0, w: -1}
  - {x: 1, y: 0, z: 0, w: -1}
  - {x: 1, y: 0, z: 0, w: -1}
  - {x: -1, y: 0, z: -0.00000011798662, w: -1}
  - {x: -1, y: 0, z: -0.00000011798662, w: -1}
  - {x: -1, y: 0, z: -0.00000011798662, w: -1}
  - {x: 1, y: 0, z: 0.00000011798662, w: -1}
  - {x: 1, y: 0, z: 0.00000011798662, w: -1}
  - {x: 1, y: 0, z: 0.00000011798662, w: -1}
  - {x: -1, y: 0, z: -0.000000019303178, w: -1}
  - {x: -1, y: 0, z: -0.000000019303178, w: -1}
  - {x: -1, y: 0, z: -0.000000019303178, w: -1}
  - {x: 1, y: 0, z: 0.000000034059795, w: -1}
  - {x: 1, y: 0, z: 0.000000034059795, w: -1}
  - {x: 1, y: 0, z: 0.000000034059795, w: -1}
  - {x: -1, y: 0, z: -0.000000034059795, w: -1}
  - {x: -1, y: 0, z: -0.000000034059795, w: -1}
  - {x: -1, y: 0, z: -0.000000034059795, w: -1}
  - {x: 1, y: 0, z: 0.00000001930318, w: -1}
  - {x: 1, y: 0, z: 0.00000001930318, w: -1}
  - {x: 1, y: 0, z: 0.00000001930318, w: -1}
  - {x: -1, y: 0, z: 0.00000012711288, w: -1}
  - {x: -1, y: 0, z: 0.00000012711288, w: -1}
  - {x: -1, y: 0, z: 0.00000012711288, w: -1}
  - {x: 1, y: 0, z: -0.00000012711288, w: -1}
  - {x: 1, y: 0, z: -0.00000012711288, w: -1}
  - {x: 1, y: 0, z: -0.00000012711288, w: -1}
  - {x: -1, y: 0, z: -0.00000013623922, w: -1}
  - {x: -1, y: 0, z: -0.00000013623922, w: -1}
  - {x: -1, y: 0, z: -0.00000013623922, w: -1}
  - {x: 1, y: 0, z: 0.00000013623922, w: -1}
  - {x: 1, y: 0, z: 0.00000013623922, w: -1}
  - {x: 1, y: 0, z: 0.00000013623922, w: -1}
  - {x: -1, y: 0, z: 0.00000013623921, w: -1}
  - {x: -1, y: 0, z: 0.00000013623921, w: -1}
  - {x: -1, y: 0, z: 0.00000013623921, w: -1}
  - {x: 1, y: 0, z: -0.00000013623921, w: -1}
  - {x: 1, y: 0, z: -0.00000013623921, w: -1}
  - {x: 1, y: 0, z: -0.00000013623921, w: -1}
  - {x: -1, y: 0, z: -0.0000000091263175, w: -1}
  - {x: -1, y: 0, z: -0.0000000091263175, w: -1}
  - {x: -1, y: 0, z: -0.0000000091263175, w: -1}
  - {x: 1, y: 0, z: 0.0000002450996, w: -1}
  - {x: 1, y: 0, z: 0.0000002450996, w: -1}
  - {x: 1, y: 0, z: 0.0000002450996, w: -1}
  - {x: -1, y: 0, z: 0, w: -1}
  - {x: -1, y: 0, z: 0, w: -1}
  - {x: -1, y: 0, z: 0, w: -1}
  - {x: 1, y: 0, z: 0, w: -1}
  - {x: 1, y: 0, z: 0, w: -1}
  - {x: 1, y: 0, z: 0, w: -1}
  m_Colors: []
  m_UnwrapParameters:
    m_HardAngle: 88
    m_PackMargin: 20
    m_AngleError: 8
    m_AreaError: 15
  m_PreserveMeshAssetOnDestroy: 0
  assetGuid: 
  m_Mesh: {fileID: 0}
  m_IsSelectable: 1
  m_SelectedFaces: 
  m_SelectedEdges: []
  m_SelectedVertices: 
--- !u!23 &3598626456347160525
MeshRenderer:
  m_ObjectHideFlags: 0
  m_CorrespondingSourceObject: {fileID: 0}
  m_PrefabInstance: {fileID: 0}
  m_PrefabAsset: {fileID: 0}
  m_GameObject: {fileID: 598519400396834493}
  m_Enabled: 1
  m_CastShadows: 1
  m_ReceiveShadows: 1
  m_DynamicOccludee: 1
  m_MotionVectors: 1
  m_LightProbeUsage: 1
  m_ReflectionProbeUsage: 1
  m_RayTracingMode: 2
  m_RenderingLayerMask: 1
  m_RendererPriority: 0
  m_Materials:
  - {fileID: 2100000, guid: 44653ad0ee098f54489117dc8f575880, type: 2}
  m_StaticBatchInfo:
    firstSubMesh: 0
    subMeshCount: 0
  m_StaticBatchRoot: {fileID: 0}
  m_ProbeAnchor: {fileID: 0}
  m_LightProbeVolumeOverride: {fileID: 0}
  m_ScaleInLightmap: 1
  m_ReceiveGI: 1
  m_PreserveUVs: 0
  m_IgnoreNormalsForChartDetection: 0
  m_ImportantGI: 0
  m_StitchLightmapSeams: 1
  m_SelectedEditorRenderState: 2
  m_MinimumChartSize: 4
  m_AutoUVMaxDistance: 0.5
  m_AutoUVMaxAngle: 89
  m_LightmapParameters: {fileID: 0}
  m_SortingLayerID: 0
  m_SortingLayer: 0
  m_SortingOrder: 0
--- !u!33 &7107018994758961446
MeshFilter:
  m_ObjectHideFlags: 0
  m_CorrespondingSourceObject: {fileID: 0}
  m_PrefabInstance: {fileID: 0}
  m_PrefabAsset: {fileID: 0}
  m_GameObject: {fileID: 598519400396834493}
  m_Mesh: {fileID: 0}
--- !u!64 &3770735227295468982
MeshCollider:
  m_ObjectHideFlags: 0
  m_CorrespondingSourceObject: {fileID: 0}
  m_PrefabInstance: {fileID: 0}
  m_PrefabAsset: {fileID: 0}
  m_GameObject: {fileID: 598519400396834493}
  m_Material: {fileID: 0}
  m_IsTrigger: 0
  m_Enabled: 1
  serializedVersion: 4
  m_Convex: 0
  m_CookingOptions: 30
  m_Mesh: {fileID: 0}
